 Dungeon Crawl Stone Soup version 0.30-a0-1053-gbd8d5ba0ad (webtiles) character file.

Game seed: 15403379094534729218

929 Arzdou the Purveyor of Pain (level 8, -3/59 HPs)
             Began as a Hill Orc Necromancer on Apr 11, 2023.
             Was an Initiate of Kikubaaqudgha.
             Killed from afar by a white imp (13 damage)
             ... with a puff of frost
             ... on level 6 of the Dungeon.
             The game lasted 00:18:13 (6614 turns).

Arzdou the Purveyor of Pain (Hill Orc Necromancer)  Turns: 6614, Time: 00:18:13

Health: -3/59      AC:  2    Str: 17    XL:     8   Next: 11%
Magic:  14/14      EV: 12    Int: 17    God:    Kikubaaqudgha [......]
Gold:   284        SH:  0    Dex: 11    Spells: 3/16 levels left

rFire   . . .      SeeInvis .    o - staff of poison
rCold   . . .      Faith    .    (no shield)
rNeg    . . .      Spirit   .    a - +0 robe
rPois   +          Reflect  .    (no helmet)
rElec   .          Rampage  .    (no cloak)
rCorr   .                        (no gloves)
Will    .....                    (no boots)
Stlth   ++                       j - amulet of regeneration
HPRegen 1.09/turn                l - +6 ring of strength
MPRegen 0.14/turn                (no ring)

@: no status effects
A: no striking features
a: Renounce Religion


You were on level 6 of the Dungeon.
You worshipped Kikubaaqudgha.
Kikubaaqudgha was noncommittal.
You visited 1 branch of the dungeon, and saw 6 of its levels.
You also visited: Sewer.

You collected 284 gold pieces.

Inventory:

Hand Weapons
 i - a +0 short sword
 u - a +0 quarterstaff
Armour
 a - a +0 robe (worn)
 m - the +2 robe of Rutsibb {+Inv rN+}
   (You found it on level 5 of the Dungeon)

   rN:        It protects you from negative energy.
   +Inv:      It lets you turn invisible.
Magical Staves
 o - a staff of poison (weapon)
Jewellery
 j - an amulet of regeneration (around neck)
 l - a +6 ring of strength (left hand)
Wands
 p - a wand of flame (23)
 s - a wand of iceblast (7)
 t - a wand of paralysis (2)
Scrolls
 d - a scroll of acquirement {unknown}
 k - a scroll of vulnerability
 r - a scroll of teleportation
 v - 2 scrolls of immolation
 x - a scroll of noise {unknown}
 y - a scroll of poison {unknown}
 C - a scroll of identify {unknown}
Potions
 b - a potion of magic
 c - a potion of ambrosia {unknown}
 e - a potion of curing {unknown}
 f - a potion of resistance {unknown}
 g - a potion of might {unknown}
 h - 3 potions of brilliance {unknown}
 n - a potion of lignification {unknown}
 q - 4 potions of attraction {unknown}
 w - 2 potions of mutation {unknown}
 z - a potion of degeneration {unknown}
 A - a potion of heal wounds {unknown}
 B - a potion of flight {unknown}


   Skills:
 + Level 1.1 Fighting
 + Level 0.1 Short Blades
 + Level 1.1 Staves
 + Level 2.6 Dodging
 + Level 1.9 Stealth
 + Level 0.6 Unarmed Combat
 + Level 4.6 Spellcasting
 + Level 7.1 Necromancy


You had 3 spell levels left.
You knew the following spells:

 Your Spells              Type           Power      Damage    Failure   Level
a - Necrotise             Necr           100%       1d9       1%          1
b - Vampiric Draining     Necr           28%        2d8       2%          3
c - Animate Dead          Necr           28%        N/A       8%          4
d - Agony                 Necr           28%        N/A       22%         5

Your spell library contained the following spells:

 Spells                   Type           Power      Damage    Failure   Level


Dungeon Overview and Level Annotations

Branches:
Dungeon (6/15)              Sewer (visited)
 Temple: D:4-7

Altars:
Kikubaaqudgha
Okawaru
Qazlal
Uskayaw

Annotations:
D:4 2 runed translucent doors, Sphara's ghost, novice OgHs


Message History

The white imp shouts!
The white imp moves out of view.
The white imp gestures at you. The puff of frost hits you!
You can't see any susceptible monsters within range! (Use Z to cast anyway.)
You can't see any susceptible monsters within range! (Use Z to cast anyway.)
The white imp gestures at you. The puff of frost hits you!
Found a scroll of immolation.
The white imp gestures at you. The puff of frost hits you!
You barely miss the white imp. The white imp barely misses you.
You closely miss the white imp. The white imp hits you.
The white imp freezes you.
You are too injured to fight recklessly!
Casting: Vampiric Draining (dangerous; 2% risk of failure)
Confirm with . or Enter, or press ? or * to list all spells.
You can't see any susceptible monsters within range! (Use Z to cast anyway.)
You are too injured to fight recklessly!
You are too injured to fight recklessly!
You are too injured to fight recklessly!
You hit the white imp but do no damage. The white imp hits you.
The white imp freezes you.
You barely miss the white imp. The white imp hits you.
The white imp freezes you. The white imp closely misses you.
You hit the white imp.
The white imp is lightly wounded.
The white imp gestures at you. The puff of frost hits you!
* * * LOW HITPOINT WARNING * * *
You closely miss the white imp. You punch the white imp.
The white imp is moderately wounded.
The white imp hits you.
* * * LOW HITPOINT WARNING * * *
The white imp freezes you.
* * * LOW HITPOINT WARNING * * *
The white imp gestures at you. The puff of frost hits you!
You die...
Kikubaaqudgha rasps: "You have failed me!
Welcome... death!"

#. #... ..#. .. #...
#.##. # ####.
#..####..#.. #..?.
.....# #.##..#.... #....
......##.......# #
....................###
#. ... #..........<..##.
...##.######..###....###
.......@#####..#..##.###
.....!.5.##.......#..##.
###.###..##.....####...#
#. #...........# #..##
.....##....#....# ##...
##.## ##...#.....##....
# #.........###..##
###.##..#.# #### ###
#####


You could see a white imp.

Vanquished Creatures
  A water moccasin (D:5)
  A black bear (D:5)
  An ogre (D:3)
  A phantom (D:5)
  2 bullfrogs (Sewer)
  A hound (D:5)
  A jelly (D:5)
  An orc priest (D:4)
  A gnoll bouda (D:5)
  An orc wizard (D:4)
  An iguana (D:5)
  8 gnolls (D:5)
  9 adders
  A shadow imp (D:3)
  2 dart slugs
  10 orcs
  7 endoplasms
  9 giant cockroaches (Sewer)
  2 goblins (D:1)
  10 hobgoblins
  4 jackals (D:1)
  5 kobolds
  3 quokkas
  7 ball pythons
  4 bats
  11 frilled lizards
  5 rats
109 creatures vanquished.

Vanquished Creatures (collateral kills)
  A giant cockroach (Sewer)
  A hobgoblin (D:2)
  A goblin (D:1)
3 creatures vanquished.

Grand Total: 112 creatures vanquished

Notes
Turn   | Place    | Note
-------+----------+-------------------------------------------
     0 | D:1      | Arzdou the Hill Orc Necromancer began the quest for the
                  | Orb.
     0 | D:1      | Reached XP level 1. HP: 14/14 MP: 3/3
   533 | D:1      | Reached XP level 2. HP: 18/20 MP: 0/4
  1289 | D:2      | Reached XP level 3. HP: 26/26 MP: 1/5
  2056 | D:3      | You fall into a shaft and drop 3 floors!
  2131 | D:5      | Entered Level 5 of the Dungeon
  2136 | D:5      | Reached skill level 5 in Necromancy
  2136 | D:5      | Reached XP level 4. HP: 33/33 MP: 1/7
  2140 | D:5      | Learned a level 3 spell: Vampiric Draining
  2203 | D:5      | Identified the +2 robe of Rutsibb {+Inv rN+}
  2235 | D:5      | Noticed a phantom
  2295 | D:5      | Killed a phantom
  2296 | D:5      | Reached XP level 5. HP: 33/38 MP: 1/8
  2435 | D:5      | Noticed a water moccasin
  2583 | D:4      | Found a hide-covered altar of Uskayaw.
  2634 | D:4      | Found a glowing drain.
  2657 | Sewer    | Entered a sewer
  3110 | Sewer    | Reached XP level 6. HP: 45/45 MP: 7/10
  3319 | Sewer    | Reached skill level 6 in Necromancy
  3945 | D:4      | Reached XP level 7. HP: 51/51 MP: 10/12
  3985 | D:4      | Learned a level 4 spell: Animate Dead
  4000 | D:4      | Found a runed translucent door.
  4002 | D:4      | Noticed Sphara's ghost (novice OgHs)
  4339 | D:4      | Found a runed translucent door.
  4339 | D:4      | Found a stormy altar of Qazlal.
  4677 | D:3      | Found an iron altar of Okawaru.
  5111 | D:3      | Found an ancient bone altar of Kikubaaqudgha.
  5129 | D:3      | Became a worshipper of Kikubaaqudgha
  5502 | D:3      | Learned a level 5 spell: Agony
  6504 | D:5      | Reached skill level 1 in Fighting
  6504 | D:5      | Reached skill level 1 in Staves
  6504 | D:5      | Reached skill level 7 in Necromancy
  6504 | D:5      | Reached XP level 8. HP: 52/59 MP: 3/14
  6614 | D:6      | Killed from afar by a white imp

Illustrated notes

Levels and vault maps discovered:
D:1:      sevenhm_arrival_forest_fort_small_5, layout_loops_ring
D:2:      layout_basic
D:3:      layout_loops_cross, mainiacjoe_overflow_concentric_impassable,
          okawaru_trees_2
D:4:      layout_cave_pods, eat_drink_and_be_merry_uskayaw,
          amcnicky_altar_gilded, ebering_ghost_sewer_f, portal_sewer_entry_d
D:5:      layout_loops_ring
D:6:      layout_cave_pools, uniq_edmund

Skill      XL: |  1  2  3  4  5  6  7 |
---------------+----------------------+-----
Spellcasting   | 2 3 4 |  4.6
Necromancy     | 5 6 7 |  7.1
Dodging        | 2 |  2.6
Fighting       | 1 |  1.1
Staves         | 1 |  1.1
Short Blades   | |  0.1
Stealth        | |  1.9
Unarmed Combat | |  0.6

Action                     |  1- 3 |  4- 6 |  7- 9 || total
---------------------------+-------+-------+-------++-------
  Melee: Unarmed           |    26 |       |       ||    26
         Short sword       |     2 |    62 |       ||    64
         Quarterstaff      |       |    12 |    31 ||    43
         Staff             |       |       |     6 ||     6
         Punch             |       |       |     1 ||     1
   Cast: Necrotise         |    69 |    65 |    65 ||   199
         Vampiric Draining |       |    13 |    20 ||    33
         Animate Dead      |       |       |     3 ||     3
    Use: Scroll            |       |       |     5 ||     5
   Stab: Distracted        |     1 |       |       ||     1
 Armour: Robe              |     8 |    33 |    13 ||    54
  Dodge: Dodged            |    58 |    66 |    57 ||   181

Table legend: (Time is in decaauts)
 A = Elapsed time spent in this place.
 B = Non-inter-level travel time spent in this place.
 C = Inter-level travel time spent in this place.
 D = Time resting spent in this place.
 E = Time spent auto-exploring this place.
 F = Levels seen in this place.
 G = Mean time per level.
                   A        B        C        D        E       F      G
               +--------+--------+--------+--------+--------+-----+--------+
         Total |   6723 |   6519 |    204 |     79 |   5341 |   7 |  960.4 |
       Dungeon |   5654 |   5450 |    204 |     79 |   4458 |   6 |  942.3 |
         Sewer |   1069 |   1069 |      0 |      0 |    882 |   1 | 1069.0 |
               +--------+--------+--------+--------+--------+-----+--------+

Top non-repeatable levels by time:
     D:5: 1344 daAuts
     D:1: 1148 daAuts
     D:4: 1131 daAuts
   Sewer: 1069 daAuts
     D:3: 985 daAuts
     D:2: 861 daAuts
     D:6: 184 daAuts
